AoeStats
← aykc

Arabia

510950265Analyzed
4v4 RM · 17h ago on Oct 3, 2026· 33m 6s· 8 players
Game mode
Random Map
Map size
Large (8 player)
Population
200
Speed
Normal
Resources
Standard
Victory
Conquest
Starting age
Dark Age
Ending age
Imperial Age
RankedLock teamsTeams togetherTeam positionsShared explorationLock speedFull tech treeHidden civsTurbo modeCheats
Victory
Defeat
🇲🇽 Saracens · Mexico
1323
+14
🇲🇽 Franks · Mexico
1278
+16
🇲🇽 Persians · Mexico
1273
+16
🇲🇽 Ethiopians · Mexico
1223
+20
🇭🇰 Ethiopians · Hong Kong SAR China
1328
-18
🇭🇰 Vietnamese · Hong Kong SAR China
1272
-16
🇭🇰 Franks · Hong Kong SAR China
1269
-16
🇭🇰 Persians · Hong Kong SAR China
1264
-16
Rakzo Zeram
5:07 Loom
9:41 Feudal Age
10:16 Double-Bit Axe
17:51 Fletching
19:44 Padded Archer Armor
21:21 Gold Mining
25:27 Castle Age
24:32 Horse Collar
26:21 Thumb Ring
25:38 Crossbowman
31:05 Leather Archer Armor
31:57 Gold Shaft Mining
fasdark333
6:13 Loom
9:29 Feudal Age
10:04 Double-Bit Axe
10:00 Horse Collar
24:37 Castle Age
23:04 Scale Barding Armor
23:10 Forging
23:12 Bloodlines
23:25 Gold Mining
25:38 Chain Barding Armor
25:54 Iron Casting
EquesCaelo
9:42 Feudal Age
19:58 Scale Barding Armor
22:02 Castle Age
22:15 Forging
21:58 Gold Mining
21:57 Double-Bit Axe
23:18 Husbandry
28:40 Iron Casting
30:32 Chain Barding Armor
WhiteKnightT23
6:36 Loom
9:12 Feudal Age
9:47 Double-Bit Axe
13:02 Fletching
25:07 Castle Age
23:37 Padded Archer Armor
24:32 Gold Mining
24:25 Horse Collar
25:45 Bodkin Arrow
25:14 Crossbowman
26:42 Bow Saw
27:27 Wheelbarrow
27:31 Ballistics
31:05 Thumb Ring
31:17 Leather Archer Armor
pong0109
6:52 Loom
10:10 Feudal Age
24:33 Fletching
24:44 Padded Archer Armor
26:45 Gold Mining
26:43 Double-Bit Axe
tlftommy
6:10 Loom
10:05 Feudal Age
17:11 Wheelbarrow
18:37 Fletching
19:12 Double-Bit Axe
20:23 Padded Archer Armor
24:54 Castle Age
23:28 Horse Collar
23:42 Gold Mining
25:23 Scale Mail Armor
25:48 Bow Saw
25:59 Elite Skirmisher
26:01 Crossbowman
26:51 Squires
27:08 Forging
27:34 Thumb Ring
29:34 Gold Shaft Mining
29:03 Heavy Plow
30:10 Bodkin Arrow
neokongwai
5:49 Loom
9:06 Feudal Age
10:02 Double-Bit Axe
11:11 Horse Collar
16:45 Scale Barding Armor
17:03 Forging
21:50 Bloodlines
23:04 Gold Mining
28:47 Wheelbarrow
29:04 Stone Mining
31:23 Castle Age
30:59 Scale Mail Armor
30:50 Fletching
aykc
6:55 Loom
9:35 Feudal Age
13:36 Scale Barding Armor
14:26 Forging
23:22 Castle Age
21:50 Double-Bit Axe
22:50 Gold Mining
25:04 Chain Barding Armor
25:05 Husbandry
28:31 Wheelbarrow
31:01 Iron Casting
31:01 Bow Saw
Connection lost

Rejoining the realm…

Still unreachable

The connection could not be restored.

Session expired

The server has moved on; the page needs a fresh start.